 Dungeon Crawl Stone Soup version 0.28.0-1-gb440e238dd (webtiles) character file.

Game seed: 2764728765214110727

611 croobank the Sneak (level 7, -2/47 HPs)
             Began as an Octopode Brigand on Feb 21, 2022.
             Slain by a black bear (10 damage)
             ... on level 5 of the Dungeon.
             The game lasted 00:15:02 (3740 turns).

croobank the Sneak (Octopode Brigand)               Turns: 3740, Time: 00:15:03

Health: -2/47      AC:  1    Str: 12    XL:     7   Next: 43%
Magic:  7/7        EV: 14    Int: 13    God:
Gold:   158        SH:  0    Dex: 14    Spells: 6/6 levels left

rFire   . . .      SeeInvis .   a - +4 dagger
rCold   . . .      Faith    .   (no shield)
rNeg    . . .      Spirit   .   (helmet restricted)
rPois   .          Reflect  .   (no amulet)
rElec   .          Harm     .   (no ring)
rCorr   .          Rampage  .   (no ring)
Will    .....                   (no ring)
Stlth   +++++.....              (no ring)
HPRegen 0.15/turn               (no ring)
MPRegen 0.10/turn               (no ring)
                                (no ring)
                                (no ring)

@: no status effects
A: almost no armour, amphibious, 8 rings, camouflage 1, gelatinous body 1,
(nimble swimmer 1), tentacles
a: no special abilities


You were on level 5 of the Dungeon.
You visited 1 branch of the dungeon, and saw 5 of its levels.

You collected 158 gold pieces.

Inventory:

Hand Weapons
 a - a +4 dagger (weapon)
 b - a +4 hunting sling
 m - a +1 trident of venom
Missiles
 c - 2 curare-tipped darts
 f - 211 stones
 g - 4 javelins
 k - 64 arrows
 o - 8 poisoned darts (quivered)
 u - 3 sling bullets
 w - 4 boomerangs of dispersal
Jewellery
 e - a ring of ice
Wands
 j - a wand of polymorph (5)
 q - a wand of paralysis (10)
Scrolls
 i - 3 scrolls of fog
 p - 2 scrolls of teleportation
 x - a scroll of brand weapon {unknown}
 y - a scroll of enchant armour {unknown}
Potions
 d - a potion of degeneration {unknown}
 h - a potion of cancellation {unknown}
 n - a potion of might
 r - 2 potions of lignification {unknown}
 s - a potion of brilliance {unknown}
 t - a potion of berserk rage {unknown}
 v - a potion of haste {unknown}


   Skills:
 + Level 3.9 Fighting
 + Level 3.9 Short Blades
 + Level 3.9 Throwing
 + Level 3.5 Dodging
 + Level 7.2 Stealth


You had 6 spell levels left.
You didn't know any spells.
Your spell library contained the following spells:

 Spells                   Type           Power      Damage    Failure   Level
 Portal Projectile        Hex/Tloc       0%         N/A       67%         3
 Blade Hands              Tmut           0%         N/A       100%        5
 Excruciating Wounds      Necr           0%         N/A       100%        5


Dungeon Overview and Level Annotations

Branches:
Dungeon (5/15)
 Temple: D:4-7

Altars:
Ru

Shops:
D:3 =


Innate Abilities, Weirdness & Mutations

You cannot wear most types of armour.
You are amphibious.
You can wear up to eight rings at the same time.
Your skin changes colour to match your surroundings (Stealth+).
Your rubbery body absorbs attacks. (AC +1, EV +1)
((You are camouflaged when in or above water. (Stealth+)))
You have tentacles for arms and can constrict up to eight enemies at once.


Message History

Aim: a black bear (heavily wounded, 72% to hit)
You shoot a sling bullet.
The sling bullet hits the black bear but does no damage.
The black bear is heavily wounded.
Fire: 6 sling bullets
Press: ? - help, Q - select action, (/) - cycle Shift-Dir - straight line, f/p - black bear
Aim: a black bear (heavily wounded, 72% to hit)
You shoot a sling bullet. The sling bullet hits the black bear.
The black bear is severely wounded.
Unknown command.
Fire: 5 sling bullets
Press: ? - help, Q - select action, (/) - cycle Shift-Dir - straight line, f/p - black bear
Aim: a black bear (severely wounded, 72% to hit)
You shoot a sling bullet. The sling bullet hits the black bear.
The black bear is severely wounded.
The black bear goes berserk!
Fire: 4 sling bullets
Press: ? - help, Q - select action, (/) - cycle Shift-Dir - straight line, f/p - black bear
Aim: a black bear (severely wounded, berserk, 72% to hit)
You shoot a sling bullet.
The sling bullet closely misses the black bear.
The black bear closely misses you. The black bear claws you.
The black bear claws you!
Really attack while wielding your +4 hunting sling?
Okay, then.
a - a +4 dagger (weapon)
The black bear bites you! The black bear misses you.
The black bear barely misses you.
You hit the black bear. You grab the black bear.
The black bear is almost dead.
You constrict the black bear. The black bear bites you!
* * * LOW HITPOINT WARNING * * *
The black bear claws you.
* * * LOW HITPOINT WARNING * * *
The black bear barely misses you.
Okay, then.
As you read the scroll of summoning, it crumbles to dust.
Wisps of shadow whirl around you...
You constrict the black bear. The black bear bites you!
You die...

.... #........# ....
.>...##........# #..(..
...............##..(..#
......#...............#
.....##.........##....#
.............<..##(..#
...#######.....Z.(...#
#....l.h.#+##
#......@.+ #......Z.#
###....### #....#
#....# #..#.).
....#.#.. .....#......
.......#....


You could see a black bear (berserk, ally target), a friendly iguana (summoned),
a friendly water moccasin zombie (summoned) and a friendly howler monkey
skeleton (summoned).

Vanquished Creatures
  Grinder (D:3)
  A sky beast (D:4)
  A scorpion (D:4)
  An iguana (D:5)
  Ijyb (D:3)
  Natasha (thrice) (D:3 D:4)
  A howler monkey skeleton (D:4)
  4 adders
  An adder skeleton (D:2)
  2 worms (D:2)
  A dart slug (D:1)
  4 orcs (D:3)
  7 ball pythons
  4 endoplasms
  3 giant cockroaches
  9 goblins
  6 hobgoblins
  2 jackals (D:3)
  3 kobolds
  5 quokkas
  9 bats
  A frilled lizard (D:3)
  8 rats
78 creatures vanquished.

Vanquished Creatures (collateral kills)
  A ball python (D:3)
1 creature vanquished.

Grand Total: 79 creatures vanquished

Notes
Turn   | Place    | Note
-------+----------+-------------------------------------------
     0 | D:1      | croobank the Octopode Brigand began the quest for the Orb.
     0 | D:1      | Reached XP level 1. HP: 14/14 MP: 1/1
   194 | D:1      | Reached XP level 2. HP: 19/19 MP: 2/2
   443 | D:1      | Found a faded altar of an unknown god.
   630 | D:1      | Reached XP level 3. HP: 24/24 MP: 3/3
  1300 | D:2      | Reached XP level 4. HP: 30/30 MP: 4/4
  1572 | D:3      | Noticed Grinder
  1584 | D:3      | Noticed Natasha
  1589 | D:3      | Killed Grinder
  1590 | D:3      | Reached skill level 6 in Stealth
  1590 | D:3      | Reached XP level 5. HP: 13/36 MP: 5/5
  1590 | D:3      | Reached XP level 6. HP: 15/42 MP: 6/6
  1593 | D:3      | Killed Natasha
  1961 | D:3      | Noticed Natasha
  2098 | D:3      | Found Pittex's One-of-a-Kind Rings.
  2310 | D:3      | Found a sacrificial altar of Ru.
  2329 | D:3      | Noticed Ijyb
  2564 | D:3      | Paralysed by Ijyb for 4 turns
  2570 | D:3      | Killed Ijyb
  2951 | D:4      | Noticed a sky beast
  2963 | D:4      | Killed a sky beast
  2964 | D:4      | Reached skill level 7 in Stealth
  2964 | D:4      | Reached XP level 7. HP: 19/46 MP: 7/7
  2987 | D:4      | Killed Natasha
  3155 | D:4      | Noticed Natasha
  3162 | D:4      | Killed Natasha
  3686 | D:5      | Entered Level 5 of the Dungeon
  3740 | D:5      | Slain by a black bear

Illustrated notes

Levels and vault maps discovered:
D:1:      sevenhm_arrival_forest_fort_large_4, layout_loops_ring,
          shapermc_ecumenical_altar_mp_urbaneastern
D:2:      layout_rooms
D:3:      layout_basic, lemuel_doored_altar, minmay_crystal_water,
          nicolae_shop_unique_rings, uniq_natasha, uniq_ijyb, uniq_grinder
D:4:      layout_rooms
D:5:      layout_rooms, kennysheep_mini

Skill      XL: |  1  2  3  4  5  6 |
---------------+-------------------+-----
Fighting       | 3 |  3.9
Short Blades   | 3 |  3.9
Throwing       | 3 |  3.9
Dodging        | 2 3 |  3.5
Stealth        | 6 7 |  7.2

Action                   |  1- 3 |  4- 6 |  7- 9 || total
-------------------------+-------+-------+-------++-------
Melee: Dagger            |    54 |    48 |     8 ||   110
       Tentacles         |    11 |     9 |     3 ||    23
       Constrict         |     8 |     5 |     3 ||    16
       Punch             |       |     1 |       ||     1
 Fire: Hunting sling     |       |    33 |    33 ||    66
Throw: Dart              |       |       |     1 ||     1
  Use: Scroll            |     2 |     4 |     1 ||     7
       Potion            |       |     4 |       ||     4
 Stab: Sleeping          |    19 |     9 |       ||    28
Armor: Skin              |     3 |     2 |       ||     5
Dodge: Dodged            |    24 |    35 |     8 ||    67
